 Dungeon Crawl Stone Soup version 0.23-a0-310-gdcc7a32 (webtiles) character file.

250 Amnesiac the Sneak (level 5, 21/21 HPs)
             Began as a Felid Earth Elementalist on Oct 13, 2018.
             Quit the game on level 5 of the Dungeon.
             The game lasted 00:11:27 (5374 turns).

Amnesiac the Sneak (Felid Earth Elementalist)       Turns: 5374, Time: 00:11:28

Health: 21/21      AC:  2    Str:  4    XL:     5   Next: 88%
Magic:  10/10      EV: 18    Int: 19    God:
Gold:   137        SH:  0    Dex: 16    Spells: 2/9 levels left
                                        Lives:  0   Deaths: 1

rFire    . . .     SeeInvis +     - Unarmed
rCold    . . .     Gourm    .   (shield unavailable)
rNeg     . . .     Faith    .   (armour unavailable)
rPois    .         Spirit   .   (helmet unavailable)
rElec    .         Reflect  .   (cloak unavailable)
rCorr    .         Harm     .   (gloves unavailable)
MR       +....                  (boots unavailable)
Stlth    ++++......             (no amulet)
HPRegen  0.07/turn              k - ring of stealth
MPRegen  0.12/turn              n - ring of protection from magic

@: quick
A: very small, no armour, no weapons or thrown items, stealth, claws 1, fangs 3,
see invisible, carnivore, speed 1, shaggy fur 2, slow metabolism 1, sharp paws
a: no special abilities


You were on level 5 of the Dungeon.
You were not hungry.

You visited 1 branch of the dungeon, and saw 5 of its levels.
You also visited: Sewer.

You collected 137 gold pieces.

Inventory:

Missiles
 b - 57 stones
Jewellery
 k - a ring of stealth (left paw)
 n - a ring of protection from magic (right paw)
Scrolls
 a - 2 scrolls of identify {!r}
 d - a scroll of blinking {!r, unknown}
 e - a scroll of magic mapping {!r, unknown}
 h - 3 scrolls of remove curse {!r}
 j - 4 scrolls of teleportation {!r, unknown}
 l - 2 scrolls of immolation {!r, unknown}
 q - a scroll of fog {!r, unknown}
Potions
 g - a potion of mutation {!q, unknown}
 i - a potion of magic {!q, unknown}
 m - a potion of heal wounds {!q}
 o - a potion of agility {!q, unknown}
 p - a potion of cancellation {!q, unknown}
Comestibles
 c - 6 rations


   Skills:
 - Level 2.6 Dodging
 - Level 4.0 Stealth
 - Level 4.0 Unarmed Combat
 + Level 2.8 Spellcasting
 - Level 4.0 Transmutations
 - Level 4.0 Earth Magic


You had 2 spell levels left.
You knew the following spells:

 Your Spells              Type           Power        Failure   Level  Hunger
a - Sandblast             Erth           ###...       3%          1    None
b - Passwall              Tmut/Erth      ###.....     4%          2    ##.....
e - Petrify               Tmut/Erth      ###.....     30%         4    ####...

Your spell library contained the following spells:

 Spells                   Type           Power        Failure   Level  Hunger
 Flame Tongue             Conj/Fire      #....        16%         1    None
 Throw Flame              Conj/Fire      #.....       24%         2    ##.....
 Stone Arrow              Conj/Erth      ##....       21%         3    ###....
 Conjure Flame            Conj/Fire      #.......     43%         3    ###....
 Inner Flame              Hex/Fire       #.......     43%         3    ###....
 Lee's Rapid Deconstruct  Erth           ###.......   63%         5    ######.
 Sticky Flame             Conj/Fire      #.......     83%         4    ####...
 Fireball                 Conj/Fire      #.........   99%         5    ######.


Dungeon Overview and Level Annotations

Branches:
Dungeon (5/15)
 Temple: D:4-7

Altars:
Cheibriados
Fedhas
Gozag
Okawaru

Shops:
D:4 *


Innate Abilities, Weirdness & Mutations

You cannot wear armour.
You are incapable of wielding weapons or throwing items.
Your paws allow you to move quietly. (Stealth)
You have sharp claws.
You have razor-sharp teeth.
You have supernaturally acute eyesight. (SInv)
You are carnivorous and can eat meat at any time.
You cover ground quickly.
You are covered in thick fur. (AC +2)
You have a slow metabolism.
Your sharp claws are effective at attacking unaware monsters.


Message History

You scratch the quokka.
You kill the quokka!
Casting: Petrify (quite dangerous; 30% risk of failure)
Confirm with . or Enter, or press ? or * to list all spells.
Aiming: Petrify (quite dangerous; 30% risk of failure)
Press: ? - help, Shift-Dir - straight line, f/p - ogre
Aim: an ogre, wielding a giant club (chance to defeat MR: 48%)
You miscast Petrify.
You momentarily stiffen.
Casting: Petrify (quite dangerous; 30% risk of failure)
Confirm with . or Enter, or press ? or * to list all spells.
You don't have enough magic to cast that spell.
You start resting.
HP restored.
You start resting.
Magic restored.
A leopard gecko comes into view.
The helpless leopard gecko fails to defend itself.
You mangle the leopard gecko!!
You kill the leopard gecko!
The ogre is too close now for your liking.
An ogre is nearby!
Casting: Petrify (quite dangerous; 30% risk of failure)
Confirm with . or Enter, or press ? or * to list all spells.
Aiming: Petrify (quite dangerous; 30% risk of failure)
Press: ? - help, Shift-Dir - straight line, f/p - ogre
Aim: an ogre, wielding a giant club (hasn't noticed you, chance to defeat MR: You miscast Petrify.
You feel gritty.
The ogre shouts!
Unknown command.
Casting: Petrify (quite dangerous; 30% risk of failure)
Confirm with . or Enter, or press ? or * to list all spells.
Aiming: Petrify (quite dangerous; 30% risk of failure)
Press: ? - help, Shift-Dir - straight line, f/p - ogre
Aim: an ogre, wielding a giant club (chance to defeat MR: 48%)
The ogre resists with some effort.
Unknown command.
Casting: Petrify (quite dangerous; 30% risk of failure)
Confirm with . or Enter, or press ? or * to list all spells.
You don't have enough magic to cast that spell.
Unknown command.
The alarm trap emits a blaring wail!
A sentinel's mark forms upon you.
You hear a bark!
You hear a shout! x3; You hear an angry hiss.
You hear a shout! x3
There is a stone staircase leading up here.
You climb upwards.
There is a stone staircase leading down here.
You start resting.
Your magical contamination has completely faded away.
You start resting.
The sentinel's mark upon you fades away.
You start resting.
Magic restored.
You start resting.
Magic restored.
You climb downwards.
The ogre hits you with a giant club!
Ouch! That really hurt!
* * * LOW HITPOINT WARNING * * *
The ogre hits you with a giant club!
Ouch! That really hurt!
You die...
You are now level 5!
You rejoin the land of the living...
Are you sure you want to abandon this character and quit the game? (Confirm

#.# #.###...#####...# #.#
#.#...#.##....#.# #.#
#...###.........# #.# ###
######......#####
#.####8###8####..#....#
#.##8...8...8###..#<#.#####
#.##.........##....O.......
#.#_.........>#..#####.####
####......@..##.######.###.
###8...8...8##.#..........
###8###8####..O####..###
##########.### ##.#..
##..#......# #...#
#..........# #####
#..........# #....#######
######


There were no monsters in sight!

Vanquished Creatures
  2 bullfrogs (Sewer)
  A crimson imp (D:5)
  2 worker ants (D:4)
  A hound skeleton (D:4)
  10 adders
  13 oozes (Sewer)
  An adder zombie (D:5)
  An adder skeleton (D:4)
  A worm (D:4)
  3 dart slugs
  16 leopard geckos
  2 orcs
  10 giant cockroaches
  4 goblins
  3 hobgoblins
  A jackal (D:2)
  2 quokkas
  12 ball pythons (Sewer)
  3 bats
  8 frilled lizards
  3 kobolds
  7 rats
106 creatures vanquished.

Notes
Turn   | Place    | Note
-------+----------+-------------------------------------------
     0 | D:1      | Amnesiac the Felid Earth Elementalist began the quest for
                  | the Orb.
     0 | D:1      | Reached XP level 1. HP: 7/7 MP: 4/4
   218 | D:1      | Reached XP level 2. HP: 2/11 MP: 1/6
   260 | D:1      | Learned a level 2 spell: Passwall
   801 | D:3      | Reached XP level 3. HP: 6/14 MP: 1/7
   999 | D:3      | Found a glowing drain.
  1037 | Sewer    | Entered a sewer
  1824 | Sewer    | Reached XP level 4. HP: 5/18 MP: 6/8
  2318 | Sewer    | Reached skill level 1 in Unarmed Combat
  2957 | Sewer    | Reached XP level 5. HP: 16/21 MP: 9/9
  3296 | Sewer    | Learned a level 4 spell: Petrify
  3720 | Sewer    | Gained mutation: You are covered in thick fur. (AC +2)
                  | [Felid growth]
  3720 | Sewer    | Reached XP level 6. HP: 4/24 MP: 1/10
  4190 | D:3      | Found an iron altar of Okawaru.
  4208 | D:4      | Found an opulent altar of Gozag.
  4272 | D:4      | Found Gozag's Platinum Reserve.
  4543 | D:3      | Found a blossoming altar of Fedhas.
  4671 | D:5      | Entered Level 5 of the Dungeon
  5060 | D:5      | Found a snail-covered altar of Cheibriados.
  5373 | D:5      | Slain by an ogre
  5374 | D:5      | Reached XP level 5. HP: -3/21 MP: 10/10
  5374 | D:5      | Quit the game

Vault maps used:
D:1:      dpeg_arrival_rhombi, minmay_misc_feat_nine_boxes
D:2:      uniq_crazy_yiuf_cottage
D:3:      nicolae_overflow_crystal_walls, portal_sewer_entry_f,
          okawaru_metal_pillars_1_2
D:4:      nicolae_gozag_zags_fifth_avenue
D:5:      nicolae_overflow_hidden_temple, trog_eyes_of_draining, first_ration,
          biasface_ghost_orc_armoury, cheibrodos_gnoll_hut
Sewer:    sewer_frog_island_02

Skill      XL: |  1  2  3  4  5  6 |
---------------+-------------------+-----
Stealth        | 3 4 |  4.0
Earth Magic    | 3 4 |  4.0
Transmutations | 2 3 4 |  4.0
Unarmed Combat | 1 3 4 |  4.0
Dodging        | |  2.6
Spellcasting   | |  2.8

Action                   |  1- 3 |  4- 6 || total
-------------------------+-------+-------++-------
Melee: Unarmed           |    94 |   205 ||   299
       Bite              |     4 |    15 ||    19
       Punch             |       |     1 ||     1
 Cast: Sandblast         |    33 |    52 ||    85
       Passwall          |       |     5 ||     5
       Petrify           |       |     5 ||     5
  Use: Scroll            |     4 |       ||     4
       Potion            |       |     1 ||     1
 Stab: Sleeping          |     3 |    12 ||    15
       Distracted        |     1 |     1 ||     2
       Petrified         |       |     3 ||     3
       Petrifying        |       |     1 ||     1
  Eat: Chunk             |    10 |     8 ||    18
Armor: Skin              |     6 |    21 ||    27
Dodge: Dodged            |   106 |   208 ||   314

Table legend:
 A = Non-vault XP
 B = Vault XP
 C = Vault XP percentage of total XP
 D = Non-vault monster count
 E = Vault monster count
 F = Vault count percentage of total count
                 A         B        C        D         E       F
            +---------+---------+-------+---------+---------+-------
      Total |     268 |     424 |  61.3 |      44 |      62 |  58.5
            +---------+---------+-------+---------+---------+-------
        D:1 |      17 |       0 |   0.0 |      11 |       0 |   0.0
        D:2 |      21 |       3 |  12.5 |      11 |       1 |   8.3
        D:3 |      45 |       9 |  16.7 |       6 |       4 |  40.0
        D:4 |     124 |       0 |   0.0 |      12 |       0 |   0.0
        D:5 |      61 |       0 |   0.0 |       4 |       0 |   0.0
      Sewer |       0 |     412 | 100.0 |       0 |      57 | 100.0
            +---------+---------+-------+---------+---------+-------
